 Dungeon Crawl Stone Soup version 0.30-a0-883-g5ad918d77d (webtiles) character file.

Game seed: 2428573500073134810

591 Newt the Skirmisher (level 7, -2/44 HPs)
             Began as a Kobold Hunter on Mar 17, 2023.
             Slain by an orc priest
             ... wielding a +0 mace
              (6 damage)
             ... on level 5 of the Dungeon.
             The game lasted 00:03:22 (4361 turns).

Newt the Skirmisher (Kobold Hunter)                 Turns: 4361, Time: 00:03:22

Health: -2/44      AC:  4    Str:  8    XL:     7   Next: 66%
Magic:  7/7        EV: 15    Int: 10    God:
Gold:   307        SH:  0    Dex: 21    Spells: 6/6 levels left

rFire   . . .      SeeInvis .    a - +0 shortbow (flame)
rCold   . . .      Faith    .    (shield currently unavailable)
rNeg    . . .      Spirit   .    c - +0 leather armour
rPois   .          Reflect  .    (no helmet)
rElec   .          Rampage  .    e - +0 cloak
rCorr   .                        (no gloves)
Will    .....                    (no boots)
Stlth   +++                      (no amulet)
HPRegen 0.27/turn                (no ring)
MPRegen 0.10/turn                (no ring)

@: no status effects
A: small, no large weapons, nightstalker 3
a: no special abilities


You were on level 5 of the Dungeon.
You visited 1 branch of the dungeon, and saw 5 of its levels.

You collected 307 gold pieces.

Inventory:

Hand Weapons
 a - a +0 shortbow of flaming (weapon)
Armour
 c - a +0 leather armour (worn)
 e - a +0 cloak (worn)
 f - a +0 buckler
 h - an orb of mayhem
Jewellery
 n - a ring of fire
Wands
 l - a wand of roots (13)
 r - a wand of polymorph (6)
 s - a wand of flame (20)
Scrolls
 b - 3 scrolls of immolation
 u - a scroll of vulnerability {unknown}
 w - a scroll of fear
Potions
 d - a potion of resistance
 g - 2 potions of magic
 j - a potion of haste
 k - a potion of might
 m - a potion of lignification {unknown}
 o - a potion of cancellation {unknown}
 p - a potion of ambrosia
 q - 2 potions of attraction
 t - a potion of berserk rage {unknown}
 v - a potion of invisibility {unknown}
 x - a potion of flight {unknown}


   Skills:
 - Level 5.0 Fighting
 - Level 10.0 Ranged Weapons
 + Level 2.7 Dodging
 - Level 1.3 Stealth


You had 6 spell levels left.
You didn't know any spells.
Your spell library contained the following spells:

 Spells                   Type           Power      Damage    Failure   Level
 Summon Small Mammal      Summ           0%         N/A       50%         1
 Call Canine Familiar     Summ           0%         N/A       86%         3
 Summon Guardian Golem    Hex/Summ       0%         N/A       86%         3
 Animate Armour           Summ/Erth      0%         N/A       99%         4
 Blade Hands              Tmut           0%         N/A       100%        5
 Iron Shot                Conj/Erth      0%         9d1       100%        6


Dungeon Overview and Level Annotations

Branches:
Dungeon (5/15)
 Temple: D:4-7

Altars:
Elyvilon
Wu Jian

Shops:
D:2 [

Annotations:
D:4 1 transporter, mandoloar's ghost, amateur GnEE


Innate Abilities, Weirdness & Mutations

You are small and have problems with some larger weapons.
You are completely attuned to the shadows.


Message History

The sleepcap releases spores at you!
You shoot an arrow. The arrow hits the sleepcap!
The arrow burns the sleepcap.
You destroy the sleepcap!
Training target 10.0 for Ranged Weapons reached!
Your Ranged Weapons skill increases to level 10!
You need to enable at least one skill for training.
You shoot an arrow. The arrow hits the orc priest.
The arrow burns the orc priest.
The orc priest is moderately wounded.
The orc priest invokes the aid of Beogh against you.
Beogh smites you!
* * * LOW HITPOINT WARNING * * *
You shoot an arrow.
The arrow completely misses the orc priest.
The orc priest calls down the wrath of Beogh upon you.
Beogh smites you!
* * * LOW HITPOINT WARNING * * *
You feel better. The orc priest hits you with a +0 mace.
* * * LOW HITPOINT WARNING * * *
Unknown command.
You shoot an arrow.
The arrow hits the orc priest but does no damage.
The orc priest is moderately wounded.
The orc priest barely misses you.
Unknown command.
You shoot an arrow. The arrow hits the orc priest.
The arrow burns the orc priest.
The orc priest is heavily wounded.
The orc priest hits you with a +0 mace.
* * * LOW HITPOINT WARNING * * *
Unknown command.
You shoot an arrow. The arrow hits the orc priest.
The arrow burns the orc priest.
The orc priest is severely wounded.
The orc priest looks satisfied for a moment.
Unknown command.
You shoot an arrow.
The arrow closely misses the orc priest.
The orc priest hits you with a +0 mace.
You die...

.. #.# ###.######
#........#
#.....##.#######.
.##....###....@o)..
....#.## ##########
.....)# #####)# #.#
#.# #.# #.# #.#


You could see an orc priest.

Vanquished Creatures
  A black bear (D:4)
  A phantom (D:4)
  3 jellies (D:3)
  A hound (D:3)
  3 sleepcaps
  Jessica (D:3)
  An iguana (D:5)
  2 orc wizards (D:4)
  An adder (D:4)
  A white imp (D:5)
  2 worms (D:4)
  3 dart slugs
  15 orcs
  4 bats
  13 endoplasms
  4 goblins
  5 hobgoblins
  7 jackals
  10 kobolds
  3 quokkas
  8 ball pythons
  3 frilled lizards
  4 rats
96 creatures vanquished.

Vanquished Creatures (others)
  10 fungi (D:3)
  10 toadstools
20 creatures vanquished.

Grand Total: 116 creatures vanquished

Notes
Turn   | Place    | Note
-------+----------+-------------------------------------------
     0 | D:1      | Newt the Kobold Hunter began the quest for the Orb.
     0 | D:1      | Reached XP level 1. HP: 12/12 MP: 1/1
   129 | D:1      | Reached XP level 2. HP: 18/18 MP: 2/2
   337 | D:1      | You fall into a shaft and drop 1 floor!
   729 | D:1      | Reached XP level 3. HP: 23/23 MP: 3/3
  1383 | D:2      | Found a faded altar of an unknown god.
  1434 | D:2      | Found Laysamn's Armour Shop.
  2190 | D:3      | Reached XP level 4. HP: 30/30 MP: 4/4
  2197 | D:3      | Found an ornate altar of the Wu Jian Council.
  2268 | D:3      | Reached skill level 5 in Fighting
  2288 | D:3      | Noticed Jessica
  2293 | D:3      | Killed Jessica
  2294 | D:3      | Reached XP level 5. HP: 29/35 MP: 5/5
  2344 | D:3      | Reached skill level 6 in Ranged Weapons
  2462 | D:3      | Reached skill level 7 in Ranged Weapons
  2467 | D:3      | Reached XP level 6. HP: 40/40 MP: 6/6
  2739 | D:3      | Found a white marble altar of Elyvilon.
  2882 | D:4      | Reached skill level 8 in Ranged Weapons
  3118 | D:4      | Noticed mandoloar's ghost (amateur GnEE)
  3119 | D:4      | Found a transporter.
  3123 | D:4      | Identified the +7 great mace of a sewer {holy, rPois}
  3123 | D:4      | Noticed an ogre
  3210 | D:4      | Noticed a black bear
  3216 | D:4      | Killed a black bear
  3217 | D:4      | Reached skill level 9 in Ranged Weapons
  3217 | D:4      | Reached XP level 7. HP: 29/44 MP: 7/7
  3930 | D:5      | Entered Level 5 of the Dungeon
  4355 | D:5      | Reached skill level 10 in Ranged Weapons
  4361 | D:5      | Slain by an orc priest

Illustrated notes

Levels and vault maps discovered:
D:1:      amcnicky_arrival_underground_garden, layout_loops_cross
D:2:      layout_basic, hellmonk_ecumenical_altar_leap_of_faith,
          serial_co_window_serial, co_window_paths_b,
          co_window_of_opportunity_a, co_window_corner_a, co_window_paths_a,
          co_window_of_opportunity_a, co_window_of_opportunity_c,
          co_window_broadway_b, co_window_unsneaky_path_a, serial_shops,
          shop_coins, kennysheep_flooded_box, minmay_gold_behind_fungi
D:3:      cheibrodos_fertilizer, layout_rooms, mainiacjoe_overflow_alcove_2,
          lemuel_doored_altar, grunt_decor_one_mirror, kennysheep_jessica_study
D:4:      layout_loops_ring, gammafunk_ghost_smash
D:5:      layout_loops_corners, serial_shops, shop, uniq_grinder

Skill      XL: |  1  2  3  4  5  6  7 |
---------------+----------------------+-----
Fighting       | 3 4 5 |  5.0
Ranged Weapons | 7 9 10 | 10.0
Dodging        | |  2.7
Stealth        | |  1.3

Action                     |  1- 3 |  4- 6 |  7- 9 || total
---------------------------+-------+-------+-------++-------
  Melee: Shortbow          |       |     4 |     3 ||     7
   Fire: Shortbow          |    68 |    82 |    75 ||   225
    Use: Scroll            |     5 |     2 |     5 ||    12
         Potion            |       |       |     6 ||     6
 Armour: Leather armour    |     2 |    10 |     6 ||    18
  Dodge: Dodged            |     8 |    49 |    22 ||    79

Table legend: (Time is in decaauts)
 A = Elapsed time spent in this place.
 B = Non-inter-level travel time spent in this place.
 C = Inter-level travel time spent in this place.
 D = Time resting spent in this place.
 E = Time spent auto-exploring this place.
 F = Levels seen in this place.
 G = Mean time per level.
                   A        B        C        D        E       F      G
               +--------+--------+--------+--------+--------+-----+--------+
         Total |   4406 |   4247 |    159 |    170 |   3575 |   5 |  881.2 |
       Dungeon |   4406 |   4247 |    159 |    170 |   3575 |   5 |  881.2 |
               +--------+--------+--------+--------+--------+-----+--------+

Top non-repeatable levels by time:
     D:2: 1203 daAuts
     D:4: 1066 daAuts
     D:3: 936 daAuts
     D:1: 766 daAuts
     D:5: 433 daAuts
